 Dungeon Crawl Stone Soup version 0.30.0-30-g96aa6591b8 (webtiles) character file.

Game seed: 2492638164274919955

298 cheesebisquit the Trooper (level 6, -3/47 HPs)
             Began as a Djinni Hedge Wizard on June 27, 2023.
             Slain by a black bear (5 damage)
             ... on level 4 of the Dungeon.
             The game lasted 00:11:09 (2880 turns).

cheesebisquit the Trooper (Djinni Hedge Wizard)     Turns: 2880, Time: 00:11:10

Health: -3/47      AC:  4    Str: 15    XL:     6   Next: 62%
Gold:   98         EV: 12    Int: 17    God:
                   SH:  0    Dex: 13

rFire   + + .        p - +1 dagger (venom)
rCold   x . .        (no shield)
rNeg    . . .        a - +2 robe {Will+}
rPois   ∞            c - +0 hat
rElec   .            (no cloak)
rCorr   .            (no gloves)
SInv    .            (boots unavailable)
Will    +....        (no amulet)
Stlth   ++           l - +6 ring of strength
HPRegen 0.27/turn    (no ring)
MPRegen 0.00/turn

%: infuse magic (-4 HP)
@: flying
A: sickness immunity, fire resistance 2, cold vulnerability 1, float, innate
caster, HP casting, extra vitality 1
a: no special abilities


You were on level 4 of the Dungeon.
You visited 1 branch of the dungeon, and saw 4 of its levels.

You collected 98 gold pieces.

Inventory:

Hand Weapons
 m - a +1 sling of freezing
 p - a +1 dagger of venom (weapon)
Armour
 a - a +2 robe of willpower (worn)
 c - a +0 hat (worn)
 n - a +2 leather armour of cold resistance
Jewellery
 l - a +6 ring of strength (left hand)
Scrolls
 i - 5 scrolls of teleportation
 k - a scroll of brand weapon {unknown}
 q - a scroll of enchant weapon {unknown}
 r - a scroll of vulnerability {unknown}
Potions
 b - a potion of cancellation
 d - a potion of attraction
 f - 2 potions of mutation
 g - 2 potions of brilliance {unknown}
 h - 2 potions of might
 j - a potion of curing
 o - a potion of lignification {unknown}


   Skills:
 + Level 4.2 Fighting
 - Level 2.1 Dodging
 - Level 1.5 Stealth
 + Level 4.1 Spellcasting


You knew the following spells:

 Your Spells              Type           Power      Damage    Failure   Level
a - Magic Dart            Conj           68%        1d6       2%          1
b - Slow                  Hex            68%        N/A       2%          1
c - Blink                 Tloc           34%        N/A       4%          2
d - Call Imp              Summ           34%        N/A       4%          2
e - Mephitic Cloud        Conj/Pois/Air  17%        N/A       9%          3
f - Necrotise             Necr           68%        1d7       2%          1
g - Scorch                Fire           34%        2d6       4%          2
Your spell library was empty.

Dungeon Overview and Level Annotations

Branches:
Dungeon (4/15)
 Temple: D:4-7

Altars:


Innate Abilities, Weirdness & Mutations

You are immune to sickness and miasma.
You are immune to poison.
Your flesh is very heat resistant. (rF++)
You are vulnerable to cold. (rC-)
You float through the air rather than walking.
You learn spells naturally, not from books.
Your magical power is your life essence.
You have superior vitality. (+4 MHP)


Message History

Confirm with . or Enter, or press ? or * to list all spells.
Aiming: Magic Dart (safe; 2% risk of failure)
Press: ? - help, Shift-Dir - straight line, f/p - black bear
Aim: a black bear (almost dead, berserk, 100% to hit)
The magic dart hits the black bear.
The black bear is almost dead.
Casting: Magic Dart (safe; 2% risk of failure)
Confirm with . or Enter, or press ? or * to list all spells.
Aiming: Magic Dart (safe; 2% risk of failure)
Press: ? - help, Shift-Dir - straight line, f/p - black bear
Aim: a black bear (almost dead, berserk, 100% to hit)
The magic dart hits the black bear.
The black bear is almost dead.
The black bear closely misses you.
The black bear claws you but does no damage.
The black bear closely misses you. The black bear barely misses you.
The black bear claws you. x2
The black bear attacks as you move away!
The black bear bites you. The black bear claws you.
The black bear closely misses you.
The black bear attacks as you move away!
The black bear barely misses you. The black bear claws you.
The black bear barely misses you.
The black bear bites you but does no damage.
The black bear claws you but does no damage.
The black bear claws you.
Casting: Magic Dart (safe; 2% risk of failure)
Confirm with . or Enter, or press ? or * to list all spells.
Aiming: Slow (safe; 2% risk of failure)
Press: ? - help, Shift-Dir - straight line, f/p - black bear
Aim: a black bear (almost dead, berserk, chance to affect: 50%)
The black bear resists with some effort.
The black bear bites you.
* * * LOW HITPOINT WARNING * * *
The black bear closely misses you. The black bear claws you.
* * * LOW HITPOINT WARNING * * *
The black bear bites you!
* * * LOW HITPOINT WARNING * * *
The black bear claws you.
You die...

#### #.#
#~#.# # ~#.#
# #~ #.#~##
~ #.#..#
#######
##~#.#.~#
......#
#.l#.#~.#
#####.#
#~b#h#~##
#.#
#~.#@#~~#
#.#
##~#.#~~#
#.# # #.#~~#
#####.##
#.#.##
.......# #.#
# #####..#
#.## # #..#
#..#
#####..#####
##.##
#..........#
#..##


You could see a black bear (berserk), a bat and a frilled lizard.

Vanquished Creatures
  A black bear (D:4)
  A hound (D:3)
  2 orc priests (D:3)
  A howler monkey zombie (D:3)
  3 adders
  A dart slug (D:3)
  2 orcs (D:3)
  3 bats
  6 endoplasms
  A giant cockroach (D:1)
  4 hobgoblins
  6 jackals
  A quokka (D:1)
  2 ball pythons
  3 frilled lizards (D:1)
  2 goblins
  2 kobolds (D:1)
  6 rats
47 creatures vanquished.

Vanquished Creatures (collateral kills)
  Jessica (D:2)
  An adder (D:3)
  A jackal (D:4)
3 creatures vanquished.

Grand Total: 50 creatures vanquished

Notes
Turn   | Place    | Note
-------+----------+-------------------------------------------
     0 | D:1      | cheesebisquit the Djinni Hedge Wizard began the quest for
                  | the Orb.
     0 | D:1      | cheesebisquit set off with the following spells memorised:
                  | Magic Dart, Slow, Blink, Call Imp, Mephitic Cloud.
     0 | D:1      | Reached XP level 1. HP: 15/15 MP: 0/0
    93 | D:1      | Reached XP level 2. HP: 19/22 MP: 0/0
   132 | D:1      | Reached skill level 1 in Fighting
   152 | D:1      | Found a faded altar of an unknown god.
   938 | D:2      | Reached XP level 3. HP: 24/27 MP: 0/0
   938 | D:2      | Learned a level 1 spell: Necrotise
  1414 | D:2      | Noticed Jessica
  1421 | D:2      | Killed Jessica
  1422 | D:2      | Reached XP level 4. HP: 9/33 MP: 0/0
  1757 | D:3      | Reached XP level 5. HP: 25/40 MP: 0/0
  1757 | D:3      | Learned a level 2 spell: Scorch
  2483 | D:4      | Reached XP level 6. HP: 45/46 MP: 0/0
  2605 | D:4      | Noticed a black bear
  2621 | D:4      | Killed a black bear
  2865 | D:4      | Noticed a black bear
  2880 | D:4      | HP: 2/47 [black bear (7)]
  2880 | D:4      | Slain by a black bear

Illustrated notes

Levels and vault maps discovered:
D:1:      lightli_arrival_flooded_house, layout_basic,
          chequers_ecumenical_altar_simple
D:2:      layout_loops_ring, uniq_jessica
D:3:      layout_loops_ring, serial_undead, serial_undead_d, serial_undead_c,
          serial_undead_b, serial_undead_d, minmay_crystal_water
D:4:      layout_loops_corners, serial_aquarium, aquarium_bridge_island_small
          [aquarium_subvault_small_open, aquarium_subvault_wall,
          aquarium_subvault_bridge, aquarium_subvault_wall,
          aquarium_subvault_balcony], aquarium_window_corridor_1,
          aquarium_window_double, aquarium_view_2c, chequers_mini_garden

Skill      XL: |  1  2  3  4  5  6 |
---------------+-------------------+-----
Fighting       | 1 2 3 4 |  4.2
Spellcasting   | 3 4 |  4.1
Dodging        | |  2.1
Stealth        | |  1.5

Action                     |  1- 3 |  4- 6 || total
---------------------------+-------+-------++-------
  Melee: Dagger            |       |    17 ||    17
   Fire: Sling             |     6 |    30 ||    36
   Cast: Magic Dart        |    56 |    45 ||   101
         Call Imp          |     1 |     8 ||     9
         Slow              |       |     3 ||     3
    Use: Scroll            |       |     7 ||     7
 Armour: Robe              |     1 |    19 ||    20
  Dodge: Dodged            |     4 |    30 ||    34
